[Event "*** SCC Grand Prix: Titled Tuesday Blitz"]
[Site "Chess.com"]
[Date "2020.06.09"]
[Round "4"]
[White "blitzking1729"]
[Black "Twitch_ElhamBlitz05"]
[Result "1-0"]
[WhiteElo "2556"]
[BlackElo "2731"]
[TimeControl "180+1"]
[EndTime "9:38:44 PDT"]
[Termination "blitzking1729 won on time"]

1. d4 Nf6 2. Bg5 e6 3. Nd2 d5 4. e3 Be7 5. Bd3 O-O 6. c3 h6 7.
Bh4 Nbd7 8. f4 c5 9. Ngf3 cxd4 10.
exd4 b5 11. O-O b4 12. Ne5 bxc3 13. bxc3 Bb7 14. Rb1 Rb8 15. f5 Ne4 16. Nxd7 Qxd7 17. Bxe7 Qxe7 18. Bxe4 dxe4 19. f6 gxf6 20. Qg4+ Kh7 21.
Qh4 Kg7 22. Nxe4 Bxe4 23. Rxb8 Rxb8 24. Qg3+ Bg6 25. Qxb8 Qa3 26. Qb3 Qa6 27. c4 Qd6 28. d5 Qc5+ 29. Kh1 exd5 30. cxd5 Qd6 31. Rd1 h5 32.
Qg3 Qc5 33. d6 Qc2 34. Qb3 Qe2 35. d7 Be4 36. Qg3+ Kh7 37. d8=Q h4 38. Qxh4+ 1-0

[Event "*** SCC Grand Prix: Titled Tuesday Blitz"]
[Site "Chess.com"]
[Date "2020.06.09"]
[Round "4"]
[White "Alexey_Spirin"]
[Black "PetrolulSah"]
[Result "1-0"]
[WhiteElo "2046"]
[BlackElo "2259"]
[TimeControl "180+1"]
[EndTime "9:38:44 PDT"]
[Termination "Alexey_Spirin won by checkmate"]

1. e4 e5 2. Nf3 Nc6 3. Bc4 Bc5 4. O-O Nf6 5. d3 O-O 6. Nbd2 a6 7. c3 d6 8. Bb3 Bg4 9. h3 Bh5 10. Re1 Re8 11. Nf1 d5 12. exd5 Nxd5 13. Ng3 Bg6 14. Bg5 f6 15. Bc1 Kh8 16. Nh4 Nf4 17. Bxf4 exf4 18. Nxg6+ hxg6 19. Ne4 Bb6 20. Qg4 Re5 21. Qxg6 Ne7 22. Qg4 Nd5 23. Qh4+ Kg8 24. c4 f5 25. Ng5 Bxf2+ 26. Kxf2 Ne3 27. c5+ Kf8 28. Qh8+ Ke7 29. Qxg7+ Ke8 30. Qf7# 1-0

[Event "*** SCC Grand Prix: Titled Tuesday Blitz"]
[Site "Chess.com"]
[Date "2020.06.09"]
[Round "4"]
[White "maciejos95"]
[Black "Micki-taryan"]
[Result "0-1"]
[WhiteElo "2493"]
[BlackElo "3008"]
[TimeControl "180+1"]
[EndTime "9:38:45 PDT"]
[Termination "Micki-taryan won by resignation"]

1. e4 c6 2. d4 d5 3. Nc3 dxe4 4. Nxe4 Nd7 5. Ng5 h6 6. Ne6 Qb6 7. Nxf8 Nxf8 8. c3 Nf6 9. Bc4 Be6 10. Qb3 Bxc4 11. Qxc4 Ng6 12. Nf3 e6 13. Qb3 O-O 14. Qxb6 axb6 15. Be3 b5 16. a3 Nd5 17. O-O-O Nge7 18. Ne5 Nf5 19. Bd2 Nd6 20. f3 Nc4 21. Nxc4 bxc4 22.
Rde1 b5 23. g4 Rfe8 24. h4 f6 25. g5 h5 26. Rhg1 Kf7 27. g6+ Ke7 28. Re4 Kd7 29. Rge1 Ne7 30. Rxe6 Nxg6 31. Rxe8 Rxe8 32. Rg1 Nxh4 33.
Rxg7+ Re7 34. Rg3 Nf5 35. Rg6 Rf7 36. Rg8 Rh7 37. Bf4 h4 38. Ra8 Ke6 39. Rc8 Ne7 40.
Rd8 h3 41. Bh2 Nf5 42. Re8+ Kf7 43. Rc8 Nh4 44. Rxc6 Nxf3 45. Rc7+ Kg6 46. Rxh7 Kxh7 47. d5 Nxh2 48. d6 Nf3 49. d7 h2 50. d8=Q h1=Q+ 51. Kc2 Qg2+ 52. Kb1 Qf1+ 53. Ka2 Qd3 54. Qxf6 Nd2 55.
Qh4+ Kg6 56. Qg4+ Kf6 57. Qf4+ Ke6 58. Qg4+ Ke5 59. Qd1 Ke4 60. Qh1+ Ke3 61. Qe1+ Kf3 62. Qd1+ Kf2 63. a4 bxa4 64. Ka3 Nb1+ 65. Ka2 Qxd1 0-1

[Event "*** SCC Grand Prix: Titled Tuesday Blitz"]
[Site "Chess.com"]
[Date "2020.06.09"]
[Round "4"]
[White "Roman_Ovetchkin"]
[Black "letsgoband"]
[Result "0-1"]
[WhiteElo "2583"]
[BlackElo "2424"]
[TimeControl "180+1"]
[EndTime "9:38:45 PDT"]
[Termination "letsgoband won by resignation"]

1. d4 Nf6 2. c4 g6 3. Nc3 Bg7 4. e4 d6 5. Nf3 O-O 6. Be2 e5 7.
d5 a5 8. Bg5 h6 9. Be3 Na6 10. Nd2 c6 11. a3 Nh7 12. b4 f5 13.
f3 Rf7 14. dxc6 bxc6 15. b5 Nc5 16. bxc6 Qc7 17. Nb3 Qxc6 18. Nxc5 dxc5 19. Qd5 Bb7 20. Qxc6 Bxc6 21. Bxc5 Ng5 22. Nd5 fxe4 23. Ne7+ Rxe7 24. Bxe7 exf3 25. Bxg5 fxg2 26. Rg1 hxg5 27. Kf2 Rf8+ 28. Kg3 e4 29. Rad1 e3 30. Rxg2 Be5+ 31. Kh3 Bxg2+ 32. Kxg2 Rf2+ 0-1

[Event "*** SCC Grand Prix: Titled Tuesday Blitz"]
[Site "Chess.com"]
[Date "2020.06.09"]
[Round "4"]
[White "Anton_Demchenko"]
[Black "Oglob71"]
[Result "1-0"]
[WhiteElo "2819"]
[BlackElo "2544"]
[TimeControl "180+1"]
[EndTime "9:38:46 PDT"]
[Termination "Anton_Demchenko won by resignation"]

1. d4 Nf6 2. Nf3 e6 3. Bf4 b6 4.
e3 Bb7 5. Bd3 d5 6. Nbd2 Bd6 7.
Ne5 Ne4 8. Qh5 g6 9. Qh6 Bf8 10. Qh3 Bg7 11. Nxe4 dxe4 12. Bb5+ c6 13. Bc4 Qe7 14.
Bb3 Nd7 15. Nc4 O-O 16. Bd6 Qg5 17. Bxf8 Rxf8 18. Qg3 Qh5 19. Nd6 Ba6 20. Bc4 Qa5+ 21. c3 e5 22. Bxa6 Qxa6 23. Qg4 f5 24. Qe2 Qa5 25.
Qc4+ Qd5 26. Qxd5+ cxd5 27. Nb5 a6 28. Nc7 exd4 29.
cxd4 Rc8 30. Nxd5 Rc2 31. O-O Kf7 32. Rfc1 Rxb2 33. Rcb1 Rxb1+ 34. Rxb1 b5 35. Nc7 Nb8 36. a4 Ke7 37. axb5 axb5 38. Nxb5 Nc6 39. g3 Kd7 40. Nc3 Bf8 41. Rb7+ 1-0

[Event "*** SCC Grand Prix: Titled Tuesday Blitz"]
[Site "Chess.com"]
[Date "2020.06.09"]
[Round "4"]
[White "2346PL"]
[Black "Munkhzul_Turmunkh"]
[Result "0-1"]
[WhiteElo "2407"]
[BlackElo "2601"]
[TimeControl "180+1"]
[EndTime "9:38:47 PDT"]
[Termination "Munkhzul_Turmunkh won by resignation"]

1. d4 Nf6 2. Bg5 d5 3. e3 c5 4. Nc3 e6 5. Nf3 Be7 6. dxc5 O-O 7. Be2 Bxc5 8. e4 Qb6 9. Bxf6 Bxf2+ 10. Kf1 gxf6 11. g3 e5 12. Kg2 dxe4 13. Nxe4 Bc5 14. Qd2 Bf5 15. Nc3 Rd8 16. Qh6 Bg6 17. Rad1 Na6 18.
Nd5 Rxd5 19. Rxd5 Nb4 20. Rd7 Nxc2 21. Nh4 Ne3+ 22. Kh3 Qe6+ 23. g4 Qxd7 24. b4 Bb6 25. Kg3 e4 26. g5 Qd6+ 27. Kf2 Ng4+ 28. Kg2 Nxh6 0-1

[Event "*** SCC Grand Prix: Titled Tuesday Blitz"]
[Site "Chess.com"]
[Date "2020.06.09"]
[Round "4"]
[White "Nastya_Rakhmangulova"]
[Black "dianamirza"]
[Result "1-0"]
[WhiteElo "2273"]
[BlackElo "2023"]
[TimeControl "180+1"]
[EndTime "9:38:47 PDT"]
[Termination "Nastya_Rakhmangulova won by resignation"]

1. e4 e5 2. Nf3 d6 3. d4 exd4 4. Qxd4 Nf6 5. Nc3 Nc6 6. Bb5 Bd7 7. Bxc6 Bxc6 8. O-O Be7 9. Nd5 O-O 10. Nxe7+ Qxe7 11. Bg5 Bxe4 12. Bxf6 gxf6 13. Nd2 Bg6 14. Rae1 Qd8 15.
Ne4 Bxe4 16. Rxe4 f5 17. Rf4 Qg5 18. h4 Qg7 19. Qd5 Rae8 20. Rxf5 Re5 21. Rxe5 Qxe5 22. Qxb7 Kh8 23. c3 Rg8 24. Qxc7 Qe4 25. g3 Qxh4 26. Qxd6 Qh5 27. Re1 h6 28. Qe5+ Kh7 29. Qxh5 1-0

[Event "*** SCC Grand Prix: Titled Tuesday Blitz"]
[Site "Chess.com"]
[Date "2020.06.09"]
[Round "4"]
[White "AshotParvanyan"]
[Black "BikingBrian"]
[Result "0-1"]
[WhiteElo "2437"]
[BlackElo "2310"]
[TimeControl "180+1"]
[EndTime "9:38:48 PDT"]
[Termination "BikingBrian won on time"]

1. e4 c5 2. Nf3 g6 3. c4 Nc6 4. d4 cxd4 5. Nxd4 Nf6 6. Nc3 d6 7. Be2 Nxd4 8. Qxd4 Bg7 9. Be3 O-O 10. Qd2 a5 11. f3 a4 12. O-O Qa5 13. Rac1 Be6 14. Rfd1 Rfc8 15. Nb5 Qxd2 16. Rxd2 Nd7 17. Nd4 Nc5 18.
Kf2 Bd7 19. Bg5 Kf8 20. h4 Ne6 21. Nxe6+ Bxe6 22. Rdc2 a3 23. b3 Bb2 24. Rd1 b5 25.
Bc1 Bf6 26. h5 bxc4 27. Bxc4 Bxc4 28. bxc4 Ra4 29. hxg6 fxg6 30. Rd3 Rcxc4 31. Rxc4 Rxc4 32. Bxa3 Rc2+ 33. Kg3 Rxa2 34. Bc1 Kf7 35. Bf4 h5 36. Rb3 h4+ 37. Kh3 g5 38. Be3 Re2 39. Ba7 Ke6 40.
Rb5 Be5 41. Bb8 Re1 42. Kg4 Kf6 0-1

[Event "*** SCC Grand Prix: Titled Tuesday Blitz"]
[Site "Chess.com"]
[Date "2020.06.09"]
[Round "4"]
[White "anastasiyakarlovych"]
[Black "publicaccountcze"]
[Result "1-0"]
[WhiteElo "1973"]
[BlackElo "2241"]
[TimeControl "180+1"]
[EndTime "9:38:48 PDT"]
[Termination "anastasiyakarlovych won on time"]

1. e4 e6 2. d4 d5 3. e5 c5 4.
dxc5 Bxc5 5. Qg4 Kf8 6. Bd3 Nc6 7. Nf3 Nge7 8. O-O Qc7 9. Re1 Bd7 10. c3 a5 11. Nbd2 Ng6 12. Qg3 a4 13. h4 Nge7 14. b4 axb3 15. Nxb3 Bb6 16. a4 Nf5 17. Bxf5 exf5 18. Ba3+ Kg8 19. Bd6 Qc8 20. Nbd4 Be6 21.
Red1 g6 22. h5 Bc7 23. Ng5 Bxd6 24. exd6 Qd7 25. Ngxe6 fxe6 26. hxg6 h6 27. Nb5 Kg7 28. c4 dxc4 29. Nc7 1-0

[Event "*** SCC Grand Prix: Titled Tuesday Blitz"]
[Site "Chess.com"]
[Date "2020.06.09"]
[Round "4"]
[White "FairChess_on_YouTube"]
[Black "Shota_Azaladze"]
[Result "1/2-1/2"]
[WhiteElo "3027"]
[BlackElo "2799"]
[TimeControl "180+1"]
[EndTime "9:38:49 PDT"]
[Termination "Game drawn by repetition"]

1. d4 Nf6 2. c4 g6 3. Nc3 Bg7 4. e4 O-O 5. Be3 d6 6. h3 e5 7. d5 a5 8. Bd3 Na6 9. Nge2 Nc5 10. Bc2 Nh5 11. Qd2 Bd7 12. O-O-O a4 13. g4 Nf4 14. Nxf4 exf4 15. Bd4 Be5 16. Bxe5 dxe5 17. f3 Ra6 18. h4 h6 19. h5 g5 20. Qf2 b6 21. Bd3 Qf6 22. Be2 Rfa8 23. Kd2 Qd6 24. Rb1 Nb7 25. Rhc1 Qb4 26. Ke1 Nd6 27. a3 Qc5 28. Nb5 Rc8 29. Rc3 Ra5 30. Rbc1 Kf8 31. Kf1 Ke7 32. R3c2 Kd8 33.
Nc3 Qxf2+ 34. Kxf2 Nb7 35. Na2 Nc5 36. Nb4 Ke7 37.
Rd1 Kd6 38. Rcd2 Raa8 39. Rc2 f6 40. Rc3 Be8 41. Rd2 Rd8 42. Bd1 Rdc8 43. Nd3 Ra5 44. Ke2 Nxd3 45. Kxd3 Rc5 46. Be2 Ra8 47. Kc2 Bd7 48.
Kc1 Be8 49. Rdc2 Bd7 50. Kb1 Be8 51. Kc1 Bd7 52. Kb1 Be8 53. Kc1 1/2-1/2

[Event "*** SCC Grand Prix: Titled Tuesday Blitz"]
[Site "Chess.com"]
[Date "2020.06.09"]
[Round "4"]
[White "VincentKeymer"]
[Black "Nbk90"]
[Result "1-0"]
[WhiteElo "2757"]
[BlackElo "2542"]
[TimeControl "180+1"]
[EndTime "9:38:49 PDT"]
[Termination "VincentKeymer won by resignation"]

1. Nf3 Nf6 2. c4 b6 3. d4 Bb7 4. g3 g6 5. Bg2 Bg7 6. O-O O-O 7. Qd3 Na6 8. Nc3 Nb4 9. Qb1 a5 10. a3 Na6 11. e4 d6 12. Qd3 Nd7 13. Be3 c5 14. d5 Nc7 15. h4 h5 16. Bh3 Bc8 17. Kg2 Nf6 18. Bxc8 Qxc8 19. Ng5 Ng4 20. Bd2 b5 21.
cxb5 Ne5 22. Qe2 c4 23. a4 e6 24. dxe6 Nxe6 25. Nd5 Qb7 26. Bc3 Rfe8 27. Rad1 Nxg5 28. hxg5 Nd3 29. Rxd3 cxd3 30. Qxd3 Bxc3 31. Qxc3 Re6 32.
Rc1 Rxe4 33. Nf6+ Kf8 34. Nxe4 Qxe4+ 35. Qf3 Qxf3+ 36. Kxf3 Ke7 37. Rc6 Ke6 38. Ra6 Rc8 39. Rxa5 Rc4 40. b6 Rb4 41. Rb5 Rxb5 42. axb5 Kd7 43. Ke4 Kc8 44. Kd5 Kb7 45. Kxd6 Kxb6 46. Ke7 Kxb5 47. Kxf7 1-0

[Event "*** SCC Grand Prix: Titled Tuesday Blitz"]
[Site "Chess.com"]
[Date "2020.06.09"]
[Round "4"]
[White "pavelalexandru07"]
[Black "Future2700"]
[Result "1-0"]
[WhiteElo "2162"]
[BlackElo "2397"]
[TimeControl "180+1"]
[EndTime "9:38:52 PDT"]
[Termination "pavelalexandru07 won by checkmate"]

1. e4 c5 2. Nf3 e6 3. d4 cxd4 4.
Nxd4 Nc6 5. c4 Nf6 6. Nc3 Bb4 7. Nxc6 bxc6 8. e5 Ne4 9. Qg4 Nxc3 10. a3 Qa5 11. Qxg7 Ne4+ 12. axb4 Qxa1 13. Qxh8+ Ke7 14. Kd1 Qa4+ 15. Ke1 Qxb4+ 16. Kd1 Nxf2+ 17. Ke2 Ne4 18. Kf3 Bb7 19. Qg7 c5 20. Kg4 Rf8 21. Bd3 Ke8 22.
Bh6 f6 23. Qxf8# 1-0

[Event "*** SCC Grand Prix: Titled Tuesday Blitz"]
[Site "Chess.com"]
[Date "2020.06.09"]
[Round "4"]
[White "BaMBoMaTTo"]
[Black "SaqoChess_Twitch"]
[Result "1-0"]
[WhiteElo "2638"]
[BlackElo "2423"]
[TimeControl "180+1"]
[EndTime "9:38:53 PDT"]
[Termination "BaMBoMaTTo won by resignation"]

1. e4 c5 2. Nf3 d6 3. d4 cxd4 4. Nxd4 Nf6 5. Nc3 g6 6. Be3 Bg7 7. f3 O-O 8. Qd2 Nc6 9. Bc4 Bd7 10. O-O-O Rc8 11. Bb3 Nxd4 12. Bxd4 b5 13. Nd5 Nxd5 14. Bxg7 Kxg7 15. exd5 a5 16. a3 b4 17. axb4 axb4 18. Qxb4 Rb8 19. Qc3+ Kg8 20. Rd4 Qb6 21. Rhd1 Rfc8 22.
Rc4 Rxc4 23. Bxc4 Rc8 24. b3 Bb5 25. Rd4 Bxc4 26. Rxc4 Qg1+ 27. Kb2 Rxc4 28. Qxc4 Qxg2 29. b4 Qxh2 30. b5 Qe5+ 31. Ka2 Qe3 32. Qc6 Qa7+ 33. Kb3 Qe3+ 34. c3 Qg1 35. b6 Qd1+ 36. Kb4 Qb1+ 37. Ka5 Qa1+ 38. Kb5 Qf1+ 39. Qc4 Qb1+ 40. Kc6 h5 41. b7 Qb2 42. Kc7 Kg7 43. b8=Q Qa3 44. Qd4+ f6 45. Kd7 Qa6 46. Kxe7 Qe2+ 47. Qe4 1-0

[Event "*** SCC Grand Prix: Titled Tuesday Blitz"]
[Site "Chess.com"]
[Date "2020.06.09"]
[Round "4"]
[White "GMKrikor"]
[Black "biaf13"]
[Result "1-0"]
[WhiteElo "2720"]
[BlackElo "2045"]
[TimeControl "180+1"]
[EndTime "9:38:53 PDT"]
[Termination "GMKrikor won by resignation"]

1. e4 c5 2. Nf3 d6 3. d4 cxd4 4. Nxd4 Nf6 5. Nc3 e6 6. g4 h6 7. Rg1 Nc6 8. Be3 Bd7 9. h4 Nxd4 10. Qxd4 Bc6 11. g5 hxg5 12. hxg5 Nd7 13. g6 f6 14.
O-O-O Qc7 15. Nb5 Bxb5 16. Bxb5 a6 17. Be2 Rc8 18. c3 Qa5 19. Kb1 Qe5 20. Rh1 Rxh1 21.
Rxh1 Qxd4 22. cxd4 Nb6 23. d5 Nc4 24. Bc1 e5 25. Bg4 Rc7 26. b3 Nb6 27. Be3 Nd7 28. f3 b5 29. Bd2 Nc5 30. Rc1 Kd8 31. Ba5 1-0

[Event "*** SCC Grand Prix: Titled Tuesday Blitz"]
[Site "Chess.com"]
[Date "2020.06.09"]
[Round "4"]
[White "rududuyk"]
[Black "Pudor"]
[Result "0-1"]
[WhiteElo "2187"]
[BlackElo "2391"]
[TimeControl "180+1"]
[EndTime "9:38:53 PDT"]
[Termination "Pudor won on time"]

1. e4 c5 2. Nc3 Nc6 3. f4 g6 4. Nf3 Bg7 5. Bc4 e6 6. O-O Nge7 7. d3 d5 8. Bb3 O-O 9. Qe1 Nd4 10. f5 Nxb3 11. axb3 exf5 12. e5 d4 13. Na4 Qc7 14.
b4 cxb4 15. Qxb4 Nc6 16. Qe1 Re8 17. Bf4 Be6 18. Qh4 Bd5 19. Ng5 h6 20. Nh3 Qe7 21. Bg5 hxg5 22. Nxg5 Qxe5 23. Rae1 Qf6 24. Qh7+ Kf8 25.
Nc5 Qd6 26. Nxb7 Qb4 0-1

[Event "*** SCC Grand Prix: Titled Tuesday Blitz"]
[Site "Chess.com"]
[Date "2020.06.09"]
[Round "4"]
[White "Aygehovit1992"]
[Black "GM_LOADING"]
[Result "1-0"]
[WhiteElo "2693"]
[BlackElo "2490"]
[TimeControl "180+1"]
[EndTime "9:38:54 PDT"]
[Termination "Aygehovit1992 won by resignation"]

1. e4 e5 2. Nf3 Nc6 3. Bb5 g6 4. d4 exd4 5. Bg5 Be7 6. Bxe7 Qxe7 7. Bxc6 dxc6 8. Qxd4 Nf6 9. Nc3 c5 10. Qe3 Bg4 11. O-O-O O-O 12. e5 Bxf3 13. gxf3 Nh5 14. Nd5 Qh4 15. Nxc7 Rac8 16. Nd5 Rfe8 17. Kb1 b6 18. f4 Rcd8 19. Rd2 Rd7 20. b3 c4 21. bxc4 Rdd8 22. Rd4 Qg4 23. h3 Qc8 24. Rhd1 Kh8 25. R1d3 Ng7 26. Nf6 Nf5 27. Rxd8 Rxd8 28. Rxd8+ Qxd8 29. Qd3 Qe7 30. a3 Kg7 31. Ka2 Qc5 32. Ne4 Qc7 33. Nd6 Ne7 34. Ne8+ 1-0

[Event "*** SCC Grand Prix: Titled Tuesday Blitz"]
[Site "Chess.com"]
[Date "2020.06.09"]
[Round "4"]
[White "David_Paravyan"]
[Black "IriBu"]
[Result "1-0"]
[WhiteElo "2983"]
[BlackElo "2533"]
[TimeControl "180+1"]
[EndTime "9:38:56 PDT"]
[Termination "David_Paravyan won on time"]

1. e4 c5 2. Nf3 Nc6 3. Bb5 g6 4. O-O Bg7 5. c3 e5 6. d3 Nge7 7. Be3 d6 8. d4 cxd4 9. cxd4 exd4 10. Bxd4 O-O 11. Bxg7 Kxg7 12. Nc3 Bg4 13. h3 Bxf3 14.
Qxf3 Nd4 15. Qd3 Nxb5 16. Nxb5 d5 17. Rad1 Qb6 18. exd5 Rad8 19. Nc3 Rd6 20. Rfe1 Nf5 21. Ne4 Rd7 22. Qc3+ f6 23. Nc5 Rd6 24. Ne6+ Rxe6 25. Rxe6 Qb5 26. d6 Qd7 27. Rde1 Rf7 28. g3 h5 29. Qc5 b6 30. Qd5 h4 31. g4 Nh6 32.
Re7 Qa4 33. d7 1-0

[Event "*** SCC Grand Prix: Titled Tuesday Blitz"]
[Site "Chess.com"]
[Date "2020.06.09"]
[Round "4"]
[White "lelajavakhishvili"]
[Black "Morshynska"]
[Result "1/2-1/2"]
[WhiteElo "2441"]
[BlackElo "2213"]
[TimeControl "180+1"]
[EndTime "9:38:57 PDT"]
[Termination "Game drawn by repetition"]

1. Nf3 d5 2. c4 d4 3. b4 a5 4.
b5 f6 5. d3 e5 6. g3 b6 7. Bg2 Bb7 8. O-O Ra7 9. e3 c5 10. bxc6 Nxc6 11. exd4 Nxd4 12. Nc3 Bc5 13. Nxd4 Bxd4 14. Nb5 Bxg2 15. Kxg2 Bxa1 16. Be3 Bd4 17. Bxd4 exd4 18. Nxa7 Qa8+ 19. Qf3 Qxa7 20. Re1+ Ne7 21.
Qc6+ Kf7 22. Qe6+ Kf8 23. Qd6 Kf7 24. Qe6+ Kf8 25. h4 h5 26. Qd6 Kf7 27. Qe6+ Kf8 28.
Qd6 Kf7 29. Qe6+ Kf8 1/2-1/2

[Event "*** SCC Grand Prix: Titled Tuesday Blitz"]
[Site "Chess.com"]
[Date "2020.06.09"]
[Round "4"]
[White "g3god"]
[Black "moro182"]
[Result "1-0"]
[WhiteElo "2885"]
[BlackElo "2653"]
[TimeControl "180+1"]
[EndTime "9:38:58 PDT"]
[Termination "g3god won on time"]

1. e4 e5 2. Nf3 Nc6 3. Bc4 Bc5 4. c3 Nf6 5. d3 d6 6. O-O a6 7. a4 Ba7 8. Nbd2 h6 9. b4 O-O 10. Bb3 Ne7 11. Re1 Ng6 12. Nf1 Be6 13. Bc2 a5 14. b5 d5 15. exd5 Nxd5 16. Bd2 Ndf4 17.
Be3 Bxe3 18. fxe3 Nd5 19. Qd2 f5 20. Ng3 Qd7 21. Rf1 Rad8 22. e4 fxe4 23. Nxe4 b6 24.
Rae1 Ndf4 25. d4 Bf5 26. Nxe5 Nxe5 27. Rxf4 Ng6 28. Rf2 Rde8 29. Bb3+ Kh8 30. Ng3 Bg4 31. h3 Rxf2 32. Qxf2 Rf8 33. Qe3 Bf5 34. Rf1 Ne7 35. Be6 1-0

[Event "*** SCC Grand Prix: Titled Tuesday Blitz"]
[Site "Chess.com"]
[Date "2020.06.09"]
[Round "4"]
[White "Evgeny81"]
[Black "vladislavkovalev"]
[Result "0-1"]
[WhiteElo "2750"]
[BlackElo "2935"]
[TimeControl "180+1"]
[EndTime "9:38:59 PDT"]
[Termination "vladislavkovalev won on time"]

1. d4 Nf6 2. Nf3 e6 3. Bg5 d5 4. Nbd2 h6 5. Bh4 c5 6. e3 Nc6 7.
c3 cxd4 8. exd4 Be7 9. Bd3 Nh5 10. Bxe7 Qxe7 11. O-O Nf4 12. Bc2 O-O 13. g3 Ng6 14. Re1 f5 15. Nb3 b6 16. Nc1 Ba6 17. Bd3 Bxd3 18. Nxd3 f4 19. Nfe5 Ncxe5 20. Nxe5 Nxe5 21. Rxe5 Rf6 22. Qe2 Raf8 23. Re1 Qf7 24. g4 f3 25. Qe3 Rf4 26. h3 Qf6 27. Rxe6 Qh4 28. Kh2 Rxg4 29. Rg1 Rxg1 30. Kxg1 Qxh3 31. Rg6 Rf6 32. Qe8+ Kh7 33. Rg3 Qf5 34. Qe7 Rg6 0-1

[Event "*** SCC Grand Prix: Titled Tuesday Blitz"]
[Site "Chess.com"]
[Date "2020.06.09"]
[Round "4"]
[White "MiroVlasenko"]
[Black "Dmitry_Konenkin"]
[Result "1-0"]
[WhiteElo "2618"]
[BlackElo "2386"]
[TimeControl "180+1"]
[EndTime "9:38:59 PDT"]
[Termination "MiroVlasenko won on time"]

1. d4 d6 2. Bg5 h6 3. Bh4 g5 4. Bg3 Bg7 5. c3 Bf5 6. Nd2 Nf6 7. e3 Nbd7 8. Bc4 c6 9. Qe2 d5 10. Bd3 Bxd3 11. Qxd3 Qb6 12. Rb1 O-O-O 13. Ngf3 Nh5 14. b4 Nxg3 15. hxg3 Qb5 16. c4 dxc4 17. Nxc4 Kb8 18.
O-O e5 19. a4 Qxa4 20. Nd6 exd4 21. Nxf7 Nb6 22. Nxh8 Bxh8 23. Nxd4 Nd5 24. b5 c5 25. Ne6 Rd6 26. Qh7 1-0

[Event "*** SCC Grand Prix: Titled Tuesday Blitz"]
[Site "Chess.com"]
[Date "2020.06.09"]
[Round "4"]
[White "Karateloru"]
[Black "joksijoksi"]
[Result "1-0"]
[WhiteElo "2614"]
[BlackElo "2359"]
[TimeControl "180+1"]
[EndTime "9:38:59 PDT"]
[Termination "Karateloru won by resignation"]

1. e4 e6 2. Nc3 d5 3. Nf3 Nf6 4. e5 Nfd7 5. d4 c5 6. dxc5 Bxc5 7. Bd3 Nc6 8. Bf4 h6 9. h4 a6 10. a3 b5 11. O-O Bb7 12. Bg3 Rc8 13. Qd2 Nd4 14.
Nxd4 Bxd4 15. Bxb5 Bxc3 16. Bxd7+ Qxd7 17. bxc3 Bc6 18.
Rfe1 Bb5 19. Re3 O-O 20. Bf4 Rfd8 21. Rg3 Kh7 22. Qd1 d4 23. Qg4 Rg8 24. Rd1 Qe7 25.
cxd4 Rxc2 26. Bxh6 g6 27. Bg5 Qf8 28. h5 Be2 29.
hxg6+ fxg6 30. Qh4+ Bh5 31. Rf3 Qg7 32. g4 Rf8 33. Rxf8 Qxf8 34. gxh5 Qf3 35. hxg6+ Kxg6 36. Qh6+ Kf5 37. Qf6+ Kg4 38. Qxf3+ Kxf3 39. d5 exd5 40. e6 Rxf2 41. Rf1 Rxf1+ 42. Kxf1 1-0

[Event "*** SCC Grand Prix: Titled Tuesday Blitz"]
[Site "Chess.com"]
[Date "2020.06.09"]
[Round "4"]
[White "TargetA"]
[Black "Kolle05"]
[Result "1-0"]
[WhiteElo "2569"]
[BlackElo "2372"]
[TimeControl "180+1"]
[EndTime "9:38:59 PDT"]
[Termination "TargetA won on time"]

1. d4 Nf6 2. c4 e6 3. Nc3 Bb4 4. e3 b6 5. Nf3 Ne4 6. Qc2 Bb7 7.
Bd3 Bxc3+ 8. bxc3 f5 9. O-O O-O 10. Nd2 Nxd2 11. Bxd2 d6 12. e4 f4 13. e5 f3 14.
Bxh7+ Kh8 15. Be4 fxg2 16. Rfe1 Qh4 17. Re2 Qg4 18. Rae1 d5 19. cxd5 Bxd5 20. Bxd5 exd5 21. e6 Nc6 22. e7 Nxe7 23. Rxe7 Rxf2 24. Kxf2 Rf8+ 25.
Kg1 Qf3 26. Bf4 1-0

[Event "*** SCC Grand Prix: Titled Tuesday Blitz"]
[Site "Chess.com"]
[Date "2020.06.09"]
[Round "4"]
[White "Radzio1987"]
[Black "Gabrielian_Artur"]
[Result "0-1"]
[WhiteElo "2898"]
[BlackElo "2751"]
[TimeControl "180+1"]
[EndTime "9:39:01 PDT"]
[Termination "Gabrielian_Artur won by checkmate"]

1. c4 Nf6 2. Nc3 g6 3. e4 Bg7 4. d4 O-O 5. f3 d6 6. Nge2 c5 7.
Be3 Nc6 8. Qd2 b6 9. Rd1 Ba6 10. b3 e5 11. dxe5 dxe5 12. Nd5 Nxd5 13. cxd5 Bxe2 14. Bxe2 Nd4 15. O-O Qd6 16. Rc1 f5 17.
Bd3 a5 18. Rc3 a4 19. Rb1 axb3 20. axb3 Ra3 21. Bf2 Rfa8 22. Qd1 Ra2 23. Bf1 fxe4 24. fxe4 Rf8 25. Bg3 Bh6 26. Rd3 Bf4 27. Bh4 g5 28. Qg4 h5 29. Qxh5 gxh4 30. Qxh4 Qg6 31. Rh3 Kg7 32. b4 c4 33. Bxc4 Qxg2# 0-1

[Event "*** SCC Grand Prix: Titled Tuesday Blitz"]
[Site "Chess.com"]
[Date "2020.06.09"]
[Round "4"]
[White "Nara_Kh"]
[Black "Bhagya_2312"]
[Result "0-1"]
[WhiteElo "2290"]
[BlackElo "2138"]
[TimeControl "180+1"]
[EndTime "9:39:01 PDT"]
[Termination "Bhagya_2312 won on time"]

1. e4 c6 2. Nc3 d5 3. Nf3 Bg4 4. h3 Bxf3 5. Qxf3 e6 6. d3 Nf6 7.
Bd2 Nbd7 8. O-O-O b5 9. exd5 Nxd5 10. g4 b4 11. Ne4 a5 12. Qg3 Qb8 13. Qxb8+ Rxb8 14. Bg2 Be7 15. f4 a4 16. d4 O-O 17. f5 exf5 18.
gxf5 Rfc8 19. Rhe1 Bf8 20. h4 b3 21. axb3 axb3 22. c3 Ra8 23. Be3 Ra1+ 24. Kd2 Ra2 25. Rb1 Ba3 26. c4 Nxe3 27. Kxe3 Bxb2 28. Nd6 Rb8 29. Bxc6 Nf6 0-1

[Event "*** SCC Grand Prix: Titled Tuesday Blitz"]
[Site "Chess.com"]
[Date "2020.06.09"]
[Round "4"]
[White "mattcolins2025"]
[Black "HanSchut"]
[Result "1-0"]
[WhiteElo "2394"]
[BlackElo "2191"]
[TimeControl "180+1"]
[EndTime "9:39:02 PDT"]
[Termination "mattcolins2025 won by resignation"]

1. d4 Nf6 2. c4 g6 3. Nc3 d5 4. cxd5 Nxd5 5. e4 Nxc3 6. bxc3 Bg7 7. Bc4 c5 8. Ne2 Nc6 9. Be3 O-O 10. O-O Bg4 11. f3 Na5 12. Bxf7+ Rxf7 13. fxg4 cxd4 14. Rxf7 Kxf7 15. cxd4 e5 16. d5 Nc4 17. Bf2 b5 18.
Qb3 a6 19. a4 Qa5 20. Be1 Qb6+ 21. Kh1 Rb8 22. Bh4 Ke8 23. Qb4 Qd6 24. Qb3 Bf6 25.
Bg3 h5 26. gxh5 gxh5 27. Qf3 h4 28. Bxh4 Bxh4 29. Qh5+ Kd7 30. Qxh4 b4 31. Qg4+ Kc7 32. Rc1 Qc5 33. Qe6 b3 34. d6+ Kc6 35. Rxc4 b2 36. Rxc5+ Kxc5 37. Qd5+ Kb4 38. Qa2 Ka5 39. Nc3 Rc8 40.
d7 Rxc3 41. d8=Q+ Kb4 42. Qxb2+ Rb3 43. Qb6+ 1-0

[Event "*** SCC Grand Prix: Titled Tuesday Blitz"]
[Site "Chess.com"]
[Date "2020.06.09"]
[Round "4"]
[White "Sueetin"]
[Black "goldenpuppy"]
[Result "0-1"]
[WhiteElo "2377"]
[BlackElo "2209"]
[TimeControl "180+1"]
[EndTime "9:39:02 PDT"]
[Termination "goldenpuppy won on time"]

1. d4 Nf6 2. c4 e6 3. Nf3 c5 4. d5 exd5 5. cxd5 d6 6. Nc3 g6 7. Bf4 a6 8. a4 Bg7 9. e3 O-O 10. Be2 Re8 11. O-O Ne4 12. Nxe4 Rxe4 13. Nd2 Re8 14. Nc4 Bf8 15. a5 Bf5 16. g4 Bc8 17. Bg3 Qf6 18. Bd3 Nd7 19. f4 Rb8 20. e4 b5 21. e5 Qg7 22. Nxd6 Bxd6 23. exd6 Qd4+ 24. Rf2 Qxd5 25. Bf1 Bb7 26. Qxd5 Bxd5 27. Rd1 Bc6 28. Rfd2 Re3 29. Bf2 Rb3 30. Re1 Kf8 31. Re7 Re8 32. Bh4 Rxe7 33. dxe7+ Ke8 34. Bg2 Bxg2 35. Kxg2 f6 36. f5 g5 37. Bg3 Kxe7 38. Bd6+ Ke8 39.
Re2+ Kd8 40. Be7+ Kc7 41. Rd2 c4 42. h3 c3 43. bxc3 Rxc3 0-1